 Dungeon Crawl Stone Soup version 0.25.1-2-g60ff931df9 (webtiles) character file.

Game seed: 10852022510839657463

12579 RUZZLEFAZAZZLE the Cleaver (level 11, -23/151 HPs)
             Began as a Hill Orc Fighter on Aug 23, 2020.
             Was an Elder of the Shining One.
             Killed from afar by Jorgrun (26 damage)
             ... with an iron shot
             ... while petrified by Jorgrun
             ... on level 1 of the Orcish Mines.
             The game lasted 00:34:58 (12047 turns).

RUZZLEFAZAZZLE the Cleaver (Hill Orc Fighter)      Turns: 12047, Time: 00:34:59

Health: -23/151    AC: 19    Str: 23    XL:     11   Next: 95%
Magic:  14/14      EV: -1    Int:  8    God:    the Shining One [****..]
Gold:   748        SH:  0    Dex: 10    Spells: 10/10 levels left

rFire    . . .     SeeInvis .   q - +1 war axe (freeze)
rCold    + . .     Gourm    .   c - +0 kite shield
rNeg     + + +     Faith    +   v - +0 plate armour
rPois    ∞         Spirit   .   (no helmet)
rElec    .         Reflect  .   h - +1 cloak
rCorr    .         Harm     .   (no gloves)
MR       .....                  u - +0 pair of boots
Stlth    ..........             s - amulet of faith
HPRegen  0.35/turn              F - ring of protection from cold
MPRegen  0.14/turn              A - ring of poison resistance

@: berserking (expiring), petrified, grasped by roots, glowing, constricted,
studying Armour
A: no striking features
a: Divine Shield, Cleansing Flame, Renounce Religion


You were on level 1 of the Orcish Mines.
You worshipped the Shining One.
The Shining One was greatly pleased with you.
You were not hungry.

You visited 3 branches of the dungeon, and saw 13 of its levels.
You also visited: Sewer.

You collected 748 gold pieces.

Inventory:

Hand Weapons
 q - a +1 war axe of freezing (weapon)
Armour
 c - a +0 kite shield (worn)
 h - a +1 cloak (worn)
 i - +0 acid dragon scales
 u - a +0 pair of boots (worn)
 v - a +0 plate armour (worn)
Magical Staves
 y - an uncursed staff of conjuration {unknown}
Jewellery
 a - an uncursed amulet of reflection
 e - an uncursed amulet of guardian spirit
 s - an amulet of faith (around neck)
 t - an uncursed ring of wizardry
 A - a ring of poison resistance (right hand)
 D - an uncursed ring of magical power
 F - a ring of protection from cold (left hand)
 L - an uncursed ring of ice
Wands
 z - a wand of random effects (15)
 H - a wand of iceblast (10)
 J - a wand of disintegration (26)
 N - a wand of polymorph (3)
Scrolls
 b - 3 scrolls of identify
 d - 4 scrolls of amnesia
 k - 5 scrolls of teleportation
 m - a scroll of noise
 o - 3 scrolls of immolation
 w - a scroll of magic mapping
 B - 2 scrolls of fear
 G - a scroll of remove curse
Potions
 j - 4 potions of brilliance
 l - 10 potions of curing
 n - 4 potions of stabbing
 p - 5 potions of flight
 r - 2 potions of might
 I - a potion of invisibility
 M - a potion of haste
Books
 x - a manual of Armour
Comestibles
 f - 19 rations


   Skills:
 * Level 10.7 Fighting
 + Level 14.1 Axes
 + Level 11.7 Armour
 + Level 9.8 Shields
 + Level 5.2 Invocations


You had 10 spell levels left.
You didn't know any spells.
Your spell library contained the following spells:

 Spells                   Type           Power        Failure   Level  Hunger
 Sting                    Tmut/Pois      #...         100%        1    ##.....
 Poisonous Vapours        Pois/Air       #.....       100%        2    ###....
 Conjure Flame            Conj/Fire      #.......     100%        3    ####...
 Ignite Poison            Fire/Tmut/Pois #.......     100%        3    ####...
 Mephitic Cloud           Conj/Pois/Air  #.......     100%        3    ####...
 Leda's Liquefaction      Hex/Erth       #.........   100%        4    #####..
 Olgreb's Toxic Radiance  Pois           #.......     100%        4    #####..
 Bolt of Magma            Conj/Fire/Erth #.........   100%        5    ######.
 Freezing Cloud           Conj/Ice/Air   #.........   100%        6    #######
 Iron Shot                Conj/Erth      #.........   100%        6    #######
 Statue Form              Tmut/Erth      #........    100%        6    #######
 Ring of Flames           Chrm/Fire      #.........   100%        7    #######
 Shatter                  Erth           #.........   100%        9    #######


Dungeon Overview and Level Annotations

Branches:
Dungeon (11/15)            Temple (1/1) D:7            Lair (0/6) D:9
    Orc (1/2) D:11          Sewer (visited)

Altars:
Ashenzari
Cheibriados
Dithmenos
Elyvilon
Fedhas
Gozag
Hepliaklqana
Kikubaaqudgha
Makhleb
Nemelex Xobeh
Okawaru
Qazlal
Ru
Sif Muna
Trog
Uskayaw
Vehumet
Wu Jian
Xom
Yredelemnul
Zin
The Shining One

Shops:
D:9 :   D:11 :

Annotations:
Orc:1 Jorgrun


Message History

The grasping roots constrict you.
Your limbs are stiffening.
You miss Jorgrun.
Jorgrun is moderately wounded.
You have turned to stone.
Jorgrun points at you and mumbles some strange words.
The wall shatters!
The blast of rock fragments hits you.
* * * LOW HITPOINT WARNING * * *
x2 The grasping roots constrict you!
Jorgrun hits you but does no damage. Jorgrun crushes you!
* * * LOW HITPOINT WARNING * * *
The grasping roots constrict you. Jorgrun hits you but does no damage.
Jorgrun crushes you!
* * * LOW HITPOINT WARNING * * *
x2 The grasping roots constrict you!
Jorgrun hits you with an uncursed staff of earth.
* * * LOW HITPOINT WARNING * * *
x2 The grasping roots constrict you!
Jorgrun points at you and mumbles some strange words.
The iron shot hits you!!!
You die...

.. ......# ## ... .....#
#. ...# #.....### ##.
....##.... #.# ##.# .
.........###.## ##..##.
.........##...####.....#
#.....)†#.......##.....#
......g@............<...
###...#.................
####......###.....#...
#......## #...#####.
##..$...##....# .
##......#.....
###...........
##.....###..


You could see Jorgrun.

Vanquished Creatures
  A hydra (D:11)
  Erica (D:8)
  Pikel (D:6)
  An ugly thing (D:11)
  A hornet (D:11)
  A troll (D:9)
  3 hippogriffs
  Grinder (D:6)
  Sigmund (D:2)
  4 wraiths
  A shadow (D:11)
  3 hogs
  2 wyverns
  7 yaks
  2 hungry ghosts
  Eustachio (D:6)
  A human (D:7)
  A warg (Orc:1)
  An acid dragon (D:10)
  6 ice beasts
  2 black bears
  6 orc warriors
  2 sky beasts
  A necrophage (D:8)
  6 ogres
  2 wolves (D:9)
  A phantom (D:11)
  A centaur (D:5)
  9 bullfrogs
  An elf skeleton (D:8)
  10 scorpions
  9 killer bees
  5 wights (D:9)
  An electric eel (D:9)
  A howler monkey (D:11)
  4 crimson imps
  A bullfrog zombie (D:3)
  5 orc priests (D:11)
  2 jellies
  11 hounds
  4 human zombies (D:8)
  7 orc wizards
  8 worker ants
  An ogre zombie (D:8)
  A hound skeleton (D:5)
  2 mummies (D:8)
  A worker ant zombie (D:10)
  14 adders
  3 river rats (Sewer)
  3 shadow imps
  3 oozes
  3 adder skeletons
  2 worms (D:3)
  3 dart slugs
  7 leopard geckos
  27 orcs
  7 giant cockroaches
  6 goblins
  7 hobgoblins
  10 jackals
  27 kobolds
  3 quokkas
  4 ball pythons
  7 bats
  6 frilled lizards
  A jackal skeleton (D:8)
  A jackal zombie (D:7)
  A quokka skeleton (D:6)
  30 rats
319 creatures vanquished.

Vanquished Creatures (others)
  A hound skeleton (D:6)
1 creature vanquished.

Grand Total: 320 creatures vanquished

Notes
Turn   | Place    | Note
-------+----------+-------------------------------------------
     0 | D:1      | RUZZLEFAZAZZLE the Hill Orc Fighter began the quest for the
                  | Orb.
     0 | D:1      | Reached XP level 1. HP: 19/19 MP: 1/1
   155 | D:1      | Reached skill level 3 in Axes
   218 | D:1      | Reached XP level 2. HP: 26/27 MP: 2/2
   850 | D:2      | Reached XP level 3. HP: 33/33 MP: 3/3
   934 | D:2      | Noticed Sigmund
   947 | D:2      | Killed Sigmund
   947 | D:2      | Reached skill level 5 in Axes
   947 | D:2      | Reached XP level 4. HP: 27/41 MP: 4/4
   947 | D:2      | Reached XP level 5. HP: 31/47 MP: 5/5
  1519 | D:2      | Found a shimmering blue altar of Sif Muna.
  2140 | D:3      | Reached XP level 6. HP: 52/55 MP: 6/6
  2798 | D:4      | Reached skill level 5 in Fighting
  2798 | D:4      | Reached skill level 6 in Axes
  3040 | D:4      | You fall into a shaft and drop 3 floors!
  3044 | D:7      | Noticed a human
  3044 | D:7      | Noticed a hog
  3044 | D:7      | Noticed a hog
  3044 | D:7      | Noticed a hog
  3044 | D:7      | Noticed a yak
  3065 | D:7      | Noticed a black bear
  3068 | D:6      | Noticed Grinder
  3073 | D:6      | Killed a hog
  3073 | D:6      | Reached skill level 5 in Armour
  3073 | D:6      | Reached XP level 7. HP: 35/61 MP: 4/7
  3074 | D:6      | Reached skill level 5 in Shields
  3079 | D:6      | Reached skill level 7 in Axes
  3093 | D:6      | Killed Grinder
  3093 | D:6      | Reached XP level 8. HP: 19/70 MP: 3/8
  3399 | D:5      | Entered Level 5 of the Dungeon
  3415 | D:5      | Reached skill level 8 in Axes
  3482 | D:5      | Found a glowing drain.
  3495 | Sewer    | Entered a sewer
  4652 | D:5      | Found a sacrificial altar of Ru.
  4798 | D:5      | Reached skill level 9 in Axes
  5132 | D:5      | Found a hazy altar of Hepliaklqana.
  5135 | D:5      | Found a burning altar of Makhleb.
  5138 | D:5      | Found a radiant altar of Vehumet.
  5224 | D:5      | Found an ancient bone altar of Kikubaaqudgha.
  5336 | D:6      | Noticed Eustachio
  5341 | D:6      | Found a shadowy altar of Dithmenos.
  5355 | D:6      | Killed Eustachio
  5355 | D:6      | Reached XP level 9. HP: 77/79 MP: 9/9
  5610 | D:6      | Found a blossoming altar of Fedhas.
  5687 | D:6      | Noticed Pikel
  5705 | D:6      | Killed Pikel
  5705 | D:6      | Reached skill level 10 in Axes
  6160 | D:7      | Identified a scroll of acquirement
  6160 | D:7      | Acquired a manual of Armour
  6201 | D:7      | Found a staircase to the Ecumenical Temple.
  6227 | Temple   | Entered the Ecumenical Temple
  6259 | Temple   | Became a worshipper of the Shining One
  6347 | D:7      | Reached skill level 11 in Axes
  6677 | D:7      | Reached XP level 10. HP: 75/88 MP: 10/10
  7078 | D:7      | Reached skill level 12 in Axes
  7492 | D:8      | Reached * piety under the Shining One
  7950 | D:8      | Found a hide-covered altar of Uskayaw.
  8336 | D:8      | Reached ** piety under the Shining One
  8363 | D:8      | Found a basalt altar of Yredelemnul.
  8468 | D:8      | Noticed Erica
  8477 | D:8      | Killed Erica
  8477 | D:8      | Reached skill level 13 in Axes
  8477 | D:8      | Reached skill level 10 in Armour
  8477 | D:8      | Reached XP level 11. HP: 97/97 MP: 11/11
  8585 | D:9      | Reached skill level 1 in Invocations
  8803 | D:9      | Reached *** piety under the Shining One
  8918 | D:9      | Found a staircase to the Lair.
  9063 | D:9      | Reached skill level 10 in Fighting
  9131 | D:9      | Found Ojapnoud's Book Shop.
  9168 | D:9      | Found an opulent altar of Gozag.
  9262 | D:9      | Found an iron altar of Okawaru.
  9479 | D:10     | Entered Level 10 of the Dungeon
 10246 | D:11     | Noticed a cyan ugly thing
 10258 | D:11     | Killed a cyan ugly thing
 10682 | D:11     | Reached **** piety under the Shining One
 10806 | D:11     | Noticed a four-headed hydra
 10830 | D:11     | Killed a 17-headed hydra
 10830 | D:11     | Reached skill level 14 in Axes
 11254 | D:11     | Reached skill level 5 in Invocations
 11596 | D:11     | Found a staircase to the Orcish Mines.
 11659 | D:11     | Found Xeodergh's Book Boutique.
 12007 | Orc:1    | Entered Level 1 of the Orcish Mines
 12024 | Orc:1    | Noticed Jorgrun
 12046 | Orc:1    | HP: 3/151 [Jorgrun/uncursed staff of earth (7)]
 12047 | Orc:1    | Killed from afar by Jorgrun

Illustrated notes

Levels and vault maps discovered:
D:1:      minmay_arrival_semitransparent, layout_basic, hangedman_decor_riveting
D:2:      layout_basic, lemuel_coloured_pillars_altar, uniq_sigmund
D:3:      layout_basic, first_ration
D:4:      layout_rooms
D:5:      layout_loops_ring, nicolae_ru_great_annihilating_truth,
          lemuel_doored_altar, grunt_temple_overflow_diamond,
          gup_sewer_entry_pipe
D:6:      layout_basic, nicolae_dithmenos_shadow_blocks, fedhas_altar_1,
          uniq_eustachio, uniq_grinder, uniq_pikel
D:7:      layout_basic, temple_fountains, enter_ossuary_1, grunt_livestock,
          grunt_tough_drop
D:8:      layout_loops_ring, lemuel_mausoleum_altar_yredelemnul,
          overflow_temple_1_default, uniq_erica
D:9:      layout_long_grid, lemuel_round_altar, okawaru_metal_pillars_1_2,
          erik_lair_island, serial_shops, nicolae_shop_stone
D:10:     layout_irregular_city
D:11:     layout_stronghold, david_orc_4, serial_shops, shop
Temple:   eino_wide_crystal_templ
Orc:1:    layout_diamond_mine, uniq_jorgrun

Skill      XL: |  1  2  3  4  5  6  7  8  9 10 11 |
---------------+----------------------------------+-----
Axes           | 3 5 6 7 9 11 13 14 | 14.1
Fighting       | 4 5 7 8 9 10 | 10.7
Armour         | 4 5 6 8 10 11 | 11.7
Shields        | 4 5 6 7 8 9 |  9.8
Invocations    | 5 |  5.2

Action                   |  1- 3 |  4- 6 |  7- 9 | 10-12 || total
-------------------------+-------+-------+-------+-------++-------
Melee: War axe           |    71 |   166 |   293 |   428 ||   958
Invok: Divine Shield     |       |       |       |     1 ||     1
Evoke: Wand              |       |       |       |     5 ||     5
  Use: Potion            |     1 |       |     2 |     6 ||     9
       Scroll            |       |       |    13 |     7 ||    20
 Stab: Paralysed         |       |       |     1 |       ||     1
  Eat: Chunk             |       |     4 |     9 |     7 ||    20
       Ration            |       |     1 |     1 |     4 ||     6
Armor: Chain mail        |    35 |    96 |   163 |    33 ||   327
       Scale mail        |     3 |       |       |       ||     3
       Plate armour      |       |       |       |   130 ||   130
       Skin              |       |       |       |    52 ||    52
Dodge: Dodged            |    16 |    38 |    55 |    70 ||   179
Block: Kite shield       |    35 |    95 |   166 |   194 ||   490
